 Dungeon Crawl Stone Soup version 0.23.0 (webtiles) character file.

Game seed: 8530929405512529597

205005 Infinimo the Minotaur Blade (level 18, -5/172 HPs)
             Began as a Minotaur Berserker on Feb 9, 2019.
             Was the Champion of Trog.
             Shot with an arrow by a deep elf master archer (16 damage)
             ... on level 3 of the Elven Halls.
             The game lasted 00:51:26 (36392 turns).

Infinimo the Minotaur Blade (Minotaur Berserker)   Turns: 36392, Time: 00:51:27

Health: -5/172     AC: 23    Str: 30    XL:     18   Next: 40%
Magic:  11/11      EV:  8    Int:  3    God:    Trog [******]
Gold:   1059       SH: 24    Dex: 14    Spells: 17/17 levels left

rFire    + + +     SeeInvis .   D - +9 double sword (antimagic)
rCold    + + .     Gourm    .   O - +2 large shield
rNeg     . . .     Faith    +   W - +1 plate armour {MR+}
rPois    +         Spirit   .   (helmet restricted)
rElec    +         Reflect  .   (no cloak)
rCorr    .         Harm     .   a - +0 pair of gloves
MR       +++..                  o - +1 pair of boots of Quifain {rF+++ MP+9 Str+4 Int-3}
Stlth    ..........             L - amulet of faith
HPRegen  0.38/turn              y - ring "Diest" {rPois Dex+2}
MPRegen  0.12/turn              G - ring "Gifaf" {rElec rF+ rC++ MR+ MP+9}

@: about to teleport, berserk cooldown, slowed, studying 2 skills, lightly
drained, very slow
A: retaliatory headbutt, horns 2
a: Berserk, Trog's Hand, Brothers in Arms, Renounce Religion


You were on level 3 of the Elven Halls.
You worshipped Trog.
Trog was exalted by your worship.
You were not hungry.

You visited 4 branches of the dungeon, and saw 26 of its levels.
You visited 1 bazaar.
You also visited: Ice Cave.

You collected 2715 gold pieces.
You spent 1656 gold pieces at shops.

Inventory:

Hand Weapons
 u - a +3 double sword of flaming
 D - a +9 antimagic double sword (weapon)
Armour
 a - a +0 pair of gloves (worn)
 o - the +1 pair of boots of Quifain (worn) {rF+++ MP+9 Str+4 Int-3}
   (You found it on level 10 of the Dungeon)

   It affects your strength (+4).
   It affects your intelligence (-3).
   It renders you almost immune to fire.
   It affects your magic capacity (+9).
 O - a +2 large shield (worn)
 W - a +1 plate armour of magic resistance (worn)
Jewellery
 y - the ring "Diest" (left hand) {rPois Dex+2}
   (You found it on level 3 of the Lair of Beasts)

   [ring of poison resistance]

   It affects your dexterity (+2).
   It protects you from poison.
 C - an uncursed amulet of rage {unknown}
 G - the ring "Gifaf" (right hand) {rElec rF+ rC++ MR+ MP+9}
   (You bought it in a shop on level 6 of the Dungeon)

   [ring of protection from magic]

   It protects you from fire.
   It greatly protects you from cold.
   It insulates you from electricity.
   It affects your resistance to hostile enchantments.
   It affects your magic capacity (+9).
 K - a +2 ring of evasion
 L - an amulet of faith (around neck)
 N - the amulet of the Four Winds {rN+ MR+++ Clar}
   (You took it off a deep elf mage on level 3 of the Elven Halls)

   [amulet of nothing]

   It protects you from negative energy.
   It affects your resistance to hostile enchantments.
   It protects you against confusion.
 P - an uncursed ring of fire
 R - an uncursed ring of protection from magic
Wands
 q - a wand of digging (8)
 t - a wand of acid (37)
 w - a wand of scattershot (9)
 F - a wand of disintegration (29)
 I - a wand of iceblast (14)
 M - a wand of clouds (4)
Scrolls
 b - 2 scrolls of enchant weapon
 e - 3 scrolls of identify
 g - 5 scrolls of teleportation
 j - 4 scrolls of blinking
 p - 5 scrolls of amnesia
 s - 3 scrolls of magic mapping
 x - 10 scrolls of remove curse
 z - 2 scrolls of enchant armour
 A - a scroll of fear
 U - 2 scrolls of holy word
 V - a scroll of brand weapon
Potions
 f - 2 potions of berserk rage
 h - 3 potions of flight
 i - 10 potions of heal wounds
 k - 5 potions of haste
 l - 2 potions of magic
 m - 3 potions of mutation
 n - 17 potions of curing
 r - 5 potions of brilliance
 B - 4 potions of might
 E - 3 potions of degeneration
 H - a potion of invisibility
 Q - a potion of ambrosia
Books
 d - a manual of Earth Magic Trog disapproves of the use of such an item.
 J - a manual of Slings
Comestibles
 c - 37 rations
 v - 6 chunks of flesh


   Skills:
 + Level 18.0 Fighting
 * Level 23.7(23.6) Long Blades
 + Level 17.8 Armour
 - Level 2.1 Dodging
 + Level 15.9 Shields


You had 17 spell levels left.
You didn't know any spells.
Your spell library was empty.

Dungeon Overview and Level Annotations

Branches:
Dungeon (15/15)            Temple (0/1) D:4            Lair (6/6) D:10
 Shoals (0/4) Lair:4       Spider (0/4) Lair:2        Slime (0/5) Lair:5
    Orc (2/2) D:9             Elf (3/3) Orc:2        Vaults (0/5) D:13
 Depths (0/5) D:15

Altars:
Ashenzari
Dithmenos
Elyvilon
Gozag
Hepliaklqana
Makhleb
Nemelex Xobeh
Okawaru
Qazlal
Sif Muna
Trog
Vehumet
Yredelemnul
Zin
The Shining One
Beogh
Jiyva

Shops:
D:6 =   D:12 }   D:13 (   Orc:2 ([}:}[?*   Elf:3 %

Annotations:
Elf:3 3 runed translucent doors, Somebody's ghost, adept VSBe


Innate Abilities, Weirdness & Mutations

You reflexively headbutt those who attack you in melee.
You have a pair of horns on your head.


Message History

The deep elf master archer shoots an arrow.
You block the arrow.
The deep elf master archer is severely wounded.
You are no longer berserk.
You are exhausted.
You feel yourself slow down.
The deep elf master archer shoots an arrow.
You block the arrow.
The deep elf blademaster hits you with a +2 vampiric short sword!
* * * LOW HITPOINT WARNING * * *
Unknown command.
As you read the scroll of teleportation, it crumbles to dust.
You feel strangely unstable.
The deep elf master archer shoots an arrow.
The arrow hits you!!
* * * LOW HITPOINT WARNING * * *
x2 You block the deep elf blademaster's attack. x2
The deep elf master archer shoots an arrow.
The arrow hits you!
You die...

#######
..###.....###
'....⌠....+
#.eee.# #@#
#(# #.# #####
#.# #####
#|..# #.#
#.}.# #.(.#
#.# #...#
##'## #.#
##'##
##...###
###.###
###...##
.......###
###.....###
###.......


You could see a deep elf blademaster and 2 deep elf master archers.

Vanquished Creatures
  6 deep elf blademasters
  Asterion (Elf:2)
  3 deep elf master archers (Elf:3)
  Agnes (Elf:2)
  A frost giant (IceCv)
  4 deep elf sorcerers (Elf:3)
  An orc warlord (Orc:2)
  A deep elf elementalist (Elf:3)
  3 deep elf demonologists
  7 deep elf annihilators (Elf:3)
  Azrael (Elf:2)
  2 ettins (Orc:2)
  A deep elf death mage (Elf:2)
  A fire dragon (Lair:6)
  4 ogre magi
  A deep elf high priest (Elf:3)
  Harold (D:9)
  2 hydras
  An ice dragon (Lair:6)
  Erolcha (D:9)
  2 catoblepae
  A centaur warrior (D:15)
  29 dancing weapons
  2 tengu warriors (D:13)
  20 two-headed ogres
  16 death yaks
  An orc high priest (Orc:2)
  Urug (Orc:2)
  18 deep elf knights
  5 skeletal warriors (D:13)
  3 unseen horrors
  A wizard (D:15)
  A swamp dragon (Lair:6)
  7 deep elf archers
  2 orc knights
  A phantasmal warrior (D:13)
  Pikel (D:5)
  5 orc sorcerers
  60 deep elf magi
  3 oklob plants (Lair:4)
  21 ugly things
  4 cyclopes
  A cyclops (shapeshifter) (D:15)
  13 slime creatures
  A manticore (D:15)
  17 elephants
  Joseph (D:9)
  An elephant (shapeshifter) (D:12)
  5 black mambas
  A guardian serpent (shapeshifter) (Elf:3)
  A naga mage (D:15)
  A torpor snail (Lair:6)
  2 ice statues
  5 spiny frogs
  3 centaur skeletons
  A yaktaur (D:12)
  4 gargoyles
  7 rime drakes
  A freezing wraith (Lair:3)
  6 komodo dragons
  A queen bee (Lair:2)
  2 hornets
  33 polar bears
  6 trolls
  10 blink frogs
  7 dream sheep
  2 raiju (Lair:6)
  A snapping turtle (Lair:4)
  2 centaur simulacra
  16 hippogriffs
  Sigmund (D:3)
  2 air elementals
  A shadow (D:12)
  34 yaks
  5 water elementals
  3 wyverns (Lair:5)
  A wraith (D:14)
  8 fire elementals
  A vampire mosquito (D:12)
  4 hungry ghosts
  7 basilisks
  7 wargs
  5 acid dragons
  4 soldier ants
  13 hell hounds (Lair:6)
  9 water moccasins
  6 porcupines
  9 ice beasts
  28 orc warriors
  8 sky beasts
  13 black bears
  2 phantoms
  An eye of draining (D:12)
  14 ogres
  A necrophage (D:14)
  19 centaurs
  39 wolves
  16 crocodiles
  2 big kobolds
  The ghost of Masnef the Vexing, an amateur TeEn (D:5)
  19 bullfrogs
  4 gnoll sergeants
  4 earth elementals
  2 water moccasin skeletons
  9 scorpions
  31 killer bees
  8 wights
  7 howler monkeys
  2 electric eels
  4 bullfrog zombies
  10 crimson imps
  8 hounds
  7 centaur zombies
  22 orc priests
  A gnoll shaman (D:5)
  7 jellies
  5 bullfrog skeletons
  Jessica (D:3)
  Natasha (thrice) (D:3)
  5 iguanas
  18 orc wizards
  15 worker ants
  A killer bee zombie (D:6)
  2 bullfrog simulacra (D:12)
  A hound zombie (D:4)
  A hound skeleton (D:4)
  A howler monkey zombie (D:4)
  2 worker ant zombies (D:4)
  2 howler monkey skeletons
  13 adders
  15 gnolls
  2 shadow imps
  7 white imps
  2 ufetubi (D:12)
  8 oozes
  3 adder skeletons
  2 adder zombies
  5 worms
  7 leopard geckos
  77 orcs
  A ball python (D:1)
  7 giant cockroaches
  3 goblins
  11 hobgoblins
  17 jackals
  18 kobolds
  5 quokkas
  2 ball python zombies (D:4)
  6 bats
  6 frilled lizards
  2 jackal zombies (D:4)
  A leopard gecko skeleton (D:4)
  A leopard gecko zombie (D:4)
  A quokka skeleton (D:4)
  5 quokka zombies
  4 rats
1095 creatures vanquished.

Vanquished Creatures (collateral kills)
  Gastronok (Lair:1)
  8 hydras
  Nergalle (Lair:1)
  A spiny frog (Lair:1)
  2 rime drakes (Lair:5)
  A komodo dragon (Lair:5)
  5 hippogriffs
  A wyvern (Lair:5)
  9 yaks
  4 basilisks (Lair:5)
  A hell hound (Lair:5)
  A porcupine (Lair:1)
  2 crocodiles (Lair:1)
  3 bullfrogs
  A plant (Lair:5)
41 creatures vanquished.

Vanquished Creatures (others)
  A deep elf knight (Elf:3)
  An ooze (D:1)
  6 fungi
  23 plants
31 creatures vanquished.

Grand Total: 1167 creatures vanquished

Notes
Turn   | Place    | Note
-------+----------+-------------------------------------------
     0 | D:1      | Infinimo the Minotaur Berserker began the quest for the
                  | Orb.
     0 | D:1      | Reached XP level 1. HP: 19/19 MP: 0/0
   199 | D:1      | Found a sparkling altar of Nemelex Xobeh.
   351 | D:1      | Reached skill level 4 in Long Blades
   351 | D:1      | Reached XP level 2. HP: 27/27 MP: 1/1
   601 | D:1      | Reached ** piety under Trog
   887 | D:2      | Reached XP level 3. HP: 28/33 MP: 2/2
  1213 | D:2      | Reached skill level 5 in Long Blades
  1213 | D:2      | Reached XP level 4. HP: 40/40 MP: 3/3
  1255 | D:2      | Found a stormy altar of Qazlal.
  1305 | D:2      | Reached XP level 5. HP: 47/47 MP: 4/4
  1397 | D:2      | Found a hazy altar of Hepliaklqana.
  1405 | D:2      | Reached skill level 6 in Long Blades
  1519 | D:2      | Found an opulent altar of Gozag.
  1571 | D:2      | Found a glowing golden altar of the Shining One.
  2067 | D:3      | Noticed Jessica
  2074 | D:3      | Killed Jessica
  2074 | D:3      | Reached skill level 5 in Fighting
  2255 | D:3      | Noticed Natasha
  2267 | D:3      | Killed Natasha
  2267 | D:3      | Reached XP level 6. HP: 33/56 MP: 5/5
  2462 | D:3      | Noticed Natasha
  2473 | D:3      | Killed Natasha
  2502 | D:3      | Noticed Natasha
  2510 | D:3      | Killed Natasha
  2613 | D:3      | Noticed Sigmund
  2620 | D:3      | Killed Sigmund
  2620 | D:3      | Reached skill level 7 in Long Blades
  2839 | D:4      | Reached *** piety under Trog
  2852 | D:4      | Reached skill level 5 in Armour
  2852 | D:4      | Reached XP level 7. HP: 36/62 MP: 6/6
  3268 | D:4      | Reached skill level 8 in Long Blades
  3302 | D:4      | Found a shadowy altar of Dithmenos.
  3407 | D:4      | Reached XP level 8. HP: 65/71 MP: 7/7
  3408 | D:4      | Reached **** piety under Trog
  3430 | D:4      | Found a staircase to the Ecumenical Temple.
  3508 | D:4      | Found a deep blue altar of Sif Muna.
  3819 | D:4      | Reached skill level 9 in Long Blades
  4070 | D:5      | Entered Level 5 of the Dungeon
  4179 | D:5      | Found a burning altar of Makhleb.
  4535 | D:5      | Found a transporter.
  4560 | D:5      | Identified the cursed +1 scale mail of the Thirsty
                  | Continents {rPois rN+++ MR+ Slay-5}
  4560 | D:5      | Identified the +2 buckler of Jesmoogri {rF+}
  4588 | D:5      | Noticed Pikel
  4595 | D:5      | Killed Pikel
  4595 | D:5      | Reached skill level 10 in Long Blades
  4599 | D:5      | Reached XP level 9. HP: 81/81 MP: 8/8
  4909 | D:5      | Found a transporter.
  4961 | D:5      | Identified the ring "Runedui" {*Corrode *Slow rN+++ Dex+5
                  | SInv}
  5091 | D:5      | Noticed Masnef's ghost (amateur TeEn)
  5430 | D:5      | Killed Masnef's ghost
  5430 | D:5      | Reached skill level 11 in Long Blades
  5594 | D:6      | Found a basalt altar of Yredelemnul.
  5679 | D:6      | Found Teddien's Jewellery Emporium.
  5897 | D:6      | Reached ***** piety under Trog
  6241 | D:6      | Noticed an angel
  6242 | D:6      | Found a glowing silver altar of Zin.
  6282 | D:6      | Reached skill level 12 in Long Blades
  6984 | D:7      | Reached XP level 10. HP: 91/91 MP: 9/9
  7087 | D:7      | Found a bloodstained altar of Trog.
  8067 | D:8      | Reached skill level 13 in Long Blades
  8166 | D:8      | Found a radiant altar of Vehumet.
  8177 | D:8      | Reached skill level 10 in Fighting
  8530 | D:8      | Found a shattered altar of Ashenzari.
  8692 | D:9      | Reached skill level 1 in Shields
  8852 | D:9      | Noticed Erolcha
  8861 | D:9      | Killed Erolcha
  9038 | D:9      | Reached skill level 10 in Armour
  9064 | D:9      | Noticed Harold
  9072 | D:9      | Killed Harold
  9140 | D:9      | Found an iron altar of Okawaru.
  9208 | D:9      | Found a staircase to the Orcish Mines.
  9209 | D:9      | Found a white marble altar of Elyvilon.
  9209 | D:9      | Found a burning altar of Makhleb.
  9209 | D:9      | Noticed Joseph
  9227 | D:9      | Killed Joseph
  9227 | D:9      | Reached XP level 11. HP: 101/101 MP: 10/10
  9557 | D:9      | Reached skill level 14 in Long Blades
 10008 | D:10     | Entered Level 10 of the Dungeon
 10034 | D:10     | Noticed a death yak
 10034 | D:10     | Noticed a death yak
 10035 | D:10     | Noticed a death yak
 10035 | D:10     | Noticed a death yak
 10051 | D:10     | Noticed a death yak
 10062 | D:9      | Killed a death yak
 10110 | D:10     | Noticed a death yak
 10117 | D:9      | Killed a death yak
 10123 | D:9      | Killed a death yak
 10123 | D:9      | Received a gift from Trog
 10128 | D:9      | Killed a death yak
 10286 | D:10     | Killed a death yak
 10286 | D:10     | Reached skill level 5 in Shields
 10290 | D:10     | Killed a death yak
 10655 | D:10     | Reached skill level 15 in Long Blades
 10811 | D:10     | Found a staircase to the Lair.
 11003 | D:10     | Got a pair of slimy boots
 11009 | D:10     | Identified the +1 pair of boots of Quifain {rF+++ MP+9
                  | Str+4 Int-3} (You found it on level 10 of the Dungeon)
 11408 | D:11     | Killed an unseen horror
 11694 | D:11     | Reached XP level 12. HP: 90/111 MP: 6/11
 11978 | D:12     | Found a frozen archway.
 11992 | IceCv    | Entered an ice cave
 12066 | IceCv    | Received a gift from Trog
 12124 | IceCv    | Noticed a death yak
 12137 | IceCv    | Killed a death yak
 12349 | IceCv    | Reached skill level 16 in Long Blades
 12366 | IceCv    | Reached ****** piety under Trog
 12746 | IceCv    | Noticed a frost giant
 12746 | IceCv    | Noticed a death yak
 12761 | IceCv    | Killed a death yak
 12765 | IceCv    | Killed a frost giant
 13555 | D:12     | Found Keesotte's Gadget Emporium.
 13776 | D:12     | Noticed a two-headed ogre
 13776 | D:12     | Noticed a two-headed ogre
 13776 | D:12     | Noticed a two-headed ogre
 13776 | D:12     | Noticed an ogre mage
 13783 | D:12     | Killed a two-headed ogre
 13783 | D:12     | Reached XP level 13. HP: 119/119 MP: 7/12
 13786 | D:12     | Reached skill level 17 in Long Blades
 13894 | D:12     | Received a gift from Trog
 14752 | Lair:1   | Entered Level 1 of the Lair of Beasts
 14823 | Lair:1   | Noticed Gastronok
 14824 | Lair:1   | Noticed Nergalle
 14829 | Lair:1   | Killed Gastronok
 14830 | Lair:1   | Killed Nergalle
 15976 | Lair:2   | Reached skill level 10 in Shields
 15989 | Lair:2   | Reached skill level 18 in Long Blades
 16029 | Lair:2   | Received a gift from Trog
 16098 | Lair:2   | You fall through a shaft for 2 floors!
 16167 | Lair:4   | Found a staircase to the Shoals.
 16427 | Lair:2   | Found a hole to the Spider Nest.
 17326 | Lair:3   | Reached XP level 14. HP: 116/130 MP: 7/13
 17517 | Lair:3   | Got an ancient brass ring
 17794 | D:6      | Bought the ring "Gifaf" {rElec rF+ rC++ MR+ MP+9} for 906
                  | gold pieces
 17799 | D:6      | Identified the ring "Diest" {rPois Dex+2} (You found it on
                  | level 3 of the Lair of Beasts)
 18601 | Lair:4   | Received a gift from Trog
 19822 | Lair:5   | Reached skill level 19 in Long Blades
 20165 | Lair:5   | Found a runed translucent door.
 20165 | Lair:5   | Found a viscous altar of Jiyva.
 20167 | Lair:5   | Found a staircase to the Slime Pits.
 20755 | Lair:6   | Entered Level 6 of the Lair of Beasts
 22663 | Lair:6   | Reached XP level 15. HP: 139/139 MP: 10/14
 22995 | Lair:6   | Reached skill level 15 in Fighting
 23162 | Lair:6   | Reached skill level 20 in Long Blades
 23211 | Lair:6   | Got a heavily runed bone ring
 23336 | Lair:6   | Received a gift from Trog
 23342 | Lair:6   | Identified the ring "Iceosm" {Ice MR++} (You found it on
                  | level 6 of the Lair of Beasts)
 23564 | Lair:6   | Got a polished double sword
 23565 | Lair:6   | Identified the +4 double sword of Poridell {venom, rElec}
                  | (You found it on level 6 of the Lair of Beasts)
 24234 | D:13     | Reached skill level 15 in Armour
 24244 | D:13     | Got an ichor-stained plate armour
 24255 | D:13     | Identified the +3 plate armour of the Hanged Man {-Tele
                  | Str+6} (You found it on level 13 of the Dungeon)
 24558 | D:13     | Found Dajibuup's Antique Weapon Boutique.
 25217 | D:13     | Found a gate to the Vaults.
 25259 | D:13     | Found a shadowy altar of Dithmenos.
 25504 | Orc:1    | Entered Level 1 of the Orcish Mines
 25559 | Orc:2    | Entered Level 2 of the Orcish Mines
 25559 | Orc:2    | Found Fomed's Magic Scroll Boutique.
 25612 | Orc:2    | Bought a scroll of teleportation for 30 gold pieces
 25612 | Orc:2    | Bought a scroll of teleportation for 30 gold pieces
 25634 | Orc:2    | Found a staircase to the Elven Halls.
 25638 | Orc:2    | Found Oqosy's Book Shoppe.
 25923 | Orc:2    | Found a roughly hewn altar of Beogh.
 25950 | Orc:2    | Noticed an orc warlord
 25955 | Orc:2    | Received a gift from Trog
 26142 | Orc:2    | Found Otweom's Gadget Shop.
 26183 | Orc:2    | Found Nigrof's Gadget Shop.
 26203 | Orc:2    | Found a roughly hewn altar of Beogh.
 26204 | Orc:2    | Found Suvumeng's Book Boutique.
 26438 | Orc:2    | Found Mena's General Store.
 26438 | Orc:2    | Noticed Urug
 26447 | Orc:2    | Killed Urug
 26997 | Orc:2    | Killed an orc warlord
 27052 | Orc:2    | Found Faopn's Antique Armour Shoppe.
 27053 | Orc:2    | Found a roughly hewn altar of Beogh.
 27054 | Orc:2    | Found Tipnaoje's Antique Weapon Emporium.
 27061 | Orc:2    | Bought a runed plate armour for 650 gold pieces
 27122 | Orc:2    | Found a roughly hewn altar of Beogh.
 27175 | Orc:2    | Found a roughly hewn altar of Beogh.
 27197 | Orc:2    | Found a roughly hewn altar of Beogh.
 27198 | Orc:2    | Found Tidonuaw's Antique Armour Emporium.
 27447 | Orc:2    | Bought a scroll of identify for 20 gold pieces
 27447 | Orc:2    | Bought a scroll of identify for 20 gold pieces
 27662 | D:14     | Reached XP level 16. HP: 151/151 MP: 15/15
 27697 | D:14     | Reached skill level 21 in Long Blades
 27790 | D:14     | Received a gift from Trog
 28385 | D:15     | Entered Level 15 of the Dungeon
 28385 | D:15     | Found a flickering gateway to a bazaar.
 28411 | Bazaar   | Entered a bazaar
 28411 | Bazaar   | Found Gazakecomp's Gadget Boutique.
 28420 | Bazaar   | Found Byjeumo's Gadget Boutique.
 28426 | Bazaar   | Found Seck's Assorted Antiques.
 28453 | Bazaar   | Found Celixtoi's Gadget Boutique.
 28461 | Bazaar   | Found Juibaxide's Food Shop.
 29897 | D:15     | Found a staircase to the Depths.
 29917 | D:15     | Received a gift from Trog
 30165 | Elf:1    | Entered Level 1 of the Elven Halls
 30233 | Elf:1    | Noticed a Tzitzimitl
 30992 | Elf:1    | You fall through a shaft!
 30992 | Elf:2    | Noticed Agnes
 31001 | Elf:2    | Killed Agnes
 31008 | Elf:2    | Reached skill level 22 in Long Blades
 31136 | Elf:2    | Received a gift from Trog
 31317 | Elf:1    | Got a bloodstained long sword
 31318 | Elf:1    | Identified the +2 long sword "Widowmaker" {flame, *Rage rF+
                  | Int+3} (You found it on level 1 of the Elven Halls)
 31344 | Elf:1    | Reached XP level 17. HP: 160/160 MP: 11/16
 32148 | Elf:2    | Noticed Azrael
 32161 | Elf:2    | Killed Azrael
 32162 | Elf:2    | Received a gift from Trog
 32499 | Elf:2    | Found a huge runed translucent gate.
 32499 | Elf:2    | Found a huge runed translucent gate.
 32499 | Elf:2    | Found a huge runed translucent gate.
 32500 | Elf:2    | Found a huge runed translucent gate.
 32500 | Elf:2    | Found a huge runed translucent gate.
 32772 | Elf:2    | Noticed Asterion
 32772 | Elf:2    | Noticed a deep elf blademaster
 32786 | Elf:2    | Killed a deep elf blademaster
 32792 | Elf:2    | Killed Asterion
 32794 | Elf:2    | Reached skill level 15 in Shields
 33171 | Elf:2    | Received a gift from Trog
 33626 | Elf:3    | Entered Level 3 of the Elven Halls
 33645 | Elf:3    | Reached skill level 23 in Long Blades
 33780 | Elf:3    | Found Xiej's Food Shoppe.
 34012 | Elf:3    | Found a runed translucent gate.
 34014 | Elf:3    | Received a gift from Trog
 34015 | Elf:3    | Found a runed translucent gate.
 34018 | Elf:3    | Found a runed translucent gate.
 34021 | Elf:3    | Noticed Somebody's ghost (adept VSBe)
 34192 | Elf:3    | Noticed a deep elf blademaster
 34193 | Elf:3    | Noticed a deep elf master archer
 34193 | Elf:3    | Noticed a deep elf blademaster
 34203 | Elf:3    | Killed a deep elf blademaster
 34215 | Elf:3    | Killed a deep elf blademaster
 34220 | Elf:3    | Killed a deep elf master archer
 34229 | Elf:3    | Reached XP level 18. HP: 127/171 MP: 11/17
 35236 | Elf:3    | Noticed a Tzitzimitl
 35241 | Elf:3    | Noticed a Tzitzimitl
 36392 | Elf:3    | Shot with an arrow by a deep elf master archer

Skill      XL: |  1  2  3  4  5  6  7  8  9 10 11 12 13 14 15 16 17 18 |
---------------+-------------------------------------------------------+-----
Long Blades    | 4 5 6 7 8 10 12 13 15 16 18 19 20 22 23 | 23.7
Fighting       | 4 5 6 8 9 10 11 12 13 14 15 16 17 18 | 18.0
Armour         | 3 4 5 6 7 9 10 11 12 13 14 15 16 17 | 17.8
Shields        | 3 6 8 10 11 13 14 15 | 15.9
Dodging        | |  2.1

Action                   |  1- 3 |  4- 6 |  7- 9 | 10-12 | 13-15 | 16-18 || total
-------------------------+-------+-------+-------+-------+-------+-------++-------
Melee: Falchion          |    76 |    80 |       |       |       |       ||   156
       Headbutt          |    10 |    19 |    88 |   168 |   367 |   244 ||   896
       Long sword        |       |    18 |   351 |   240 |       |       ||   609
       Scimitar          |       |       |       |   387 |   934 |       ||  1321
       Double sword      |       |       |       |       |   352 |   852 ||  1204
Invok: Berserk           |     1 |     6 |    10 |    23 |    40 |    22 ||   102
       Brothers in Arms  |       |       |       |       |    12 |     1 ||    13
  Use: Scroll            |       |     6 |     4 |     7 |    17 |    11 ||    45
       Potion            |       |       |     2 |       |     2 |     2 ||     6
 Stab: Distracted        |       |       |     1 |       |     2 |     1 ||     4
  Eat: Chunk             |     1 |    11 |    19 |    35 |    66 |    32 ||   164
       Ration            |       |       |     1 |     3 |     6 |     5 ||    15
Armor: Chain mail        |    41 |    58 |   190 |   264 |   398 |       ||   951
       Skin              |       |       |     8 |       |       |       ||     8
       Plate armour      |       |       |       |       |   107 |   273 ||   380
Dodge: Dodged            |    38 |    48 |   119 |   224 |   479 |    88 ||   996
Block: Buckler           |       |       |    32 |   169 |    41 |       ||   242
       Shield            |       |       |       |       |   732 |    54 ||   786
       Large shield      |       |       |       |       |       |   614 ||   614
       Rpst.: Falchion   |    11 |    10 |       |       |       |       ||    21
       Long sword        |       |     4 |    31 |    20 |       |       ||    55
       Scimitar          |       |       |       |    36 |    82 |       ||   118
       Double sword      |       |       |       |       |    16 |    16 ||    32
